 Dungeon Crawl Stone Soup version 0.28.0-53-g5a82cb258f (webtiles) character file.

Game seed: 2039260846046030255

388 issech the Chopper (level 6, -7/56 HPs)
             Began as a Minotaur Monk on May 28, 2022.
             Killed by nerve-wracking pain
             ... invoked by Menkaure
              (8 damage)
             ... on level 4 of the Dungeon.
             The game lasted 00:08:29 (3521 turns).

issech the Chopper (Minotaur Monk)                  Turns: 3521, Time: 00:08:29

Health: -7/56      AC:  6    Str: 16    XL:     6   Next: 49%
Magic:  5/5        EV: 12    Int:  7    God:
Gold:   154        SH:  0    Dex: 14    Spells: 5/5 levels left

rFire   . . .      SeeInvis .   j - +0 war axe
rCold   . . .      Faith    .   (no shield)
rNeg    . . .      Spirit   .   m - +0 ring mail
rPois   .          Reflect  .   (helmet restricted)
rElec   .          Harm     .   z - +0 cloak
rCorr   .          Rampage  .   (no gloves)
Will    .....                   (no boots)
Stlth   +.........              (no amulet)
HPRegen 0.18/turn               (no ring)
MPRegen 0.09/turn               (no ring)

@: no status effects
A: horns 2, retaliatory headbutt
a: no special abilities


You were on level 4 of the Dungeon.
You visited 1 branch of the dungeon, and saw 4 of its levels.

You collected 154 gold pieces.

Inventory:

Hand Weapons
 a - a +0 hand axe
 i - a +0 mace
 j - a +0 war axe (weapon)
 n - a +0 mace
 o - a +0 dagger
 v - a +0 mace
 x - a +0 flail
Missiles
 c - 95 stones (quivered)
 f - 19 arrows
 r - 21 sling bullets
 w - 18 bolts
 B - 3 curare-tipped darts
Armour
 b - a +0 robe
 m - a +0 ring mail (worn)
 y - an orb of wrath
 z - a +0 cloak (worn)
Jewellery
 C - a ring of fire
Wands
 u - a wand of iceblast (5)
Scrolls
 d - 3 scrolls of teleportation {unknown}
 e - a scroll of blinking {unknown}
 h - a scroll of vulnerability {unknown}
 k - a scroll of magic mapping {unknown}
 l - a scroll of enchant armour {unknown}
 p - 2 scrolls of identify {unknown}
Potions
 g - 3 potions of lignification {unknown}
 q - 2 potions of degeneration {unknown}
 s - a potion of might {unknown}
 t - a potion of mutation {unknown}
 A - a potion of invisibility {unknown}


   Skills:
 + Level 5.4 Fighting
 + Level 6.2 Axes
 + Level 2.3 Armour
 + Level 4.1 Dodging
 + Level 2.6 Stealth


You had 5 spell levels left.
You didn't know any spells.
Your spell library contained the following spells:

 Spells                   Type           Power      Damage    Failure   Level
 Animate Skeleton         Necr           0%         N/A       65%         1
 Pain                     Necr           0%         1d4       65%         1
 Static Discharge         Conj/Air       0%         N/A       78%         2
 Frozen Ramparts          Ice            0%         1d2       95%         3
 Vampiric Draining        Necr           0%         2d6       95%         3
 Dispel Undead            Necr           0%         3d6       100%        4
 Ice Form                 Ice/Tmut       0%         N/A       100%        4
 Sticky Flame             Conj/Fire      0%         2d3       100%        4
 Summon Ice Beast         Ice/Summ       0%         N/A       100%        4


Dungeon Overview and Level Annotations

Branches:
Dungeon (4/15)
 Temple: D:4-7

Altars:
Makhleb

Shops:
D:1 :

Annotations:
D:4 Menkaure


Innate Abilities, Weirdness & Mutations

You have a pair of horns on your head.
You reflexively headbutt those who attack you in melee.


Message History

You slash the giant cockroach!
You kill the giant cockroach!
You see here a ring of fire.
C - a ring of fire A giant cockroach comes into view.
Menkaure gestures at you while chanting.
Pain shoots through your body!
You closely miss the goblin. The goblin hits you but does no damage.
Menkaure whispers drily.
You hit the goblin.
The goblin is heavily wounded.
The goblin barely misses you. You furiously retaliate!
You headbutt the goblin.
You kill the goblin!
You barely miss the giant cockroach. The giant cockroach bites you.
You hit the giant cockroach.
You headbutt the giant cockroach, but do no damage.
The giant cockroach is almost dead.
The giant cockroach closely misses you.
Menkaure calls on the powers of darkness!
Your body is wracked with pain!
The giant cockroach misses you.
You slash the giant cockroach!
You kill the giant cockroach!
You hit Menkaure.
You headbutt Menkaure, but do no damage.
Menkaure is moderately damaged.
Menkaure calls on the powers of darkness!
Your body is wracked with pain!
* * * LOW HITPOINT WARNING * * *
You slash Menkaure!
Menkaure is heavily damaged.
Menkaure hits you!
* * * LOW HITPOINT WARNING * * *
Unknown command.
Menkaure mumbles some strange words.
Menkaure seems to speed up.
Menkaure calls on the powers of darkness!
You feel a surge of unholy energy. Menkaure casts a spell at you.
Pain shoots through your body!
You die...

..###........)..........#
..# #...............#...##
..#..#..........<.......##
####...................#
#..................#
#................###
#...#...........##
#..###.......##..#
.......@......#
...........#..#
...........#.##
.##...........#
..#....M..##..#
.......).##...#
....##.......##
<..[........##
..?B.......##


You could see Menkaure (fast).

Vanquished Creatures
  2 phantoms
  A scorpion (D:4)
  An orc priest (D:4)
  A bullfrog skeleton (D:4)
  A hound skeleton (D:4)
  4 adders (D:2)
  An adder skeleton (D:4)
  3 dart slugs (D:1)
  2 orcs (D:4)
  3 bats
  3 endoplasms
  5 giant cockroaches
  6 hobgoblins
  4 jackals (D:2)
  2 quokkas
  4 ball pythons
  4 frilled lizards (D:1)
  6 goblins
  7 kobolds
  8 rats
68 creatures vanquished.

Notes
Turn   | Place    | Note
-------+----------+-------------------------------------------
     0 | D:1      | issech the Minotaur Monk began the quest for the Orb.
     0 | D:1      | Reached XP level 1. HP: 19/19 MP: 0/0
   174 | D:1      | Reached XP level 2. HP: 22/27 MP: 1/1
   238 | D:1      | Found a faded altar of an unknown god.
   323 | D:1      | Found Urotyu's Book Shoppe.
   479 | D:1      | Reached skill level 4 in Axes
   961 | D:2      | Found a burning altar of Makhleb.
   969 | D:2      | Reached XP level 3. HP: 34/34 MP: 2/2
  1533 | D:2      | Reached XP level 4. HP: 36/41 MP: 3/3
  2033 | D:3      | Noticed a phantom
  2042 | D:3      | Killed a phantom
  2043 | D:3      | Reached skill level 5 in Fighting
  2043 | D:3      | Reached skill level 5 in Axes
  2043 | D:3      | Reached XP level 5. HP: 38/48 MP: 4/4
  2875 | D:4      | Reached skill level 1 in Armour
  2877 | D:4      | HP: 2/48 [bullfrog skeleton (2)]
  3240 | D:4      | Reached XP level 6. HP: 46/56 MP: 5/5
  3344 | D:4      | Reached skill level 6 in Axes
  3504 | D:4      | Noticed Menkaure
  3517 | D:4      | HP: 1/56 [Menkaure (13)]
  3521 | D:4      | Killed from afar by Menkaure

Illustrated notes

Levels and vault maps discovered:
D:1:      nicolae_arrival_memento_mori, layout_basic, serial_shops, shop,
          shapermc_ecumenical_altar_acropolis
D:2:      layout_loops_cross, basic_altar
D:3:      layout_loops_corners
D:4:      layout_cave_pools, yredelemnul_forgotten_temple_becter, uniq_menkaure

Skill      XL: |  1  2  3  4  5  6 |
---------------+-------------------+-----
Fighting       | 4 5 |  5.4
Axes           | 4 5 6 |  6.2
Stealth        | 2 |  2.6
Armour         | 1 2 |  2.3
Dodging        | 4 |  4.1

Action                   |  1- 3 |  4- 6 || total
-------------------------+-------+-------++-------
Melee: Hand axe          |    48 |       ||    48
       Headbutt          |     9 |    12 ||    21
       War axe           |    20 |    65 ||    85
 Stab: Sleeping          |     2 |     2 ||     4
Armor: Robe              |    16 |       ||    16
       Ring mail         |       |    19 ||    19
Dodge: Dodged            |    53 |    34 ||    87
